 Dungeon Crawl Stone Soup version 0.31-a0-986-g5e6e4ef867 (webtiles) character file.

Game seed: 16983333282260643449

46 Sanktem7 the Covered (level 3, 0/33 HPs)
             Began as a Minotaur Fighter on Nov 10, 2023.
             Constricted to death by a ball python (1 damage)
             ... on level 2 of the Dungeon.
             The game lasted 00:01:33 (740 turns).

Sanktem7 the Covered (Minotaur Fighter)              Turns: 740, Time: 00:01:34

Health: 0/33       AC:  7    Str: 22    XL:     3   Next: 44%
Magic:  2/2        EV:  6    Int:  5    God:
Gold:   105        SH:  4    Dex:  9    Spells: 2/2 levels left

rFire   . . .        a - +0 war axe {axe}
rCold   . . .        c - +0 buckler
rNeg    . . .        b - +0 scale mail
rPois   .            (helmet restricted)
rElec   .            (no cloak)
rCorr   .            (no gloves)
SInv    .            (no boots)
Will    .....        (no amulet) Stlth
                     (no ring)
HPRegen 0.25/turn    (no ring)
MPRegen 0.08/turn

%: no passive effects
@: constricted
A: horns 2, retaliatory headbutt
a: no special abilities


You were on level 2 of the Dungeon.
You visited 1 branch of the dungeon, and saw 2 of its levels.

You collected 105 gold pieces.


Innate Abilities, Weirdness & Mutations

You have a pair of horns on your head.
You reflexively headbutt those who attack you in melee.


   Skills:
 + Level 4.0 Fighting
 * Level 3.5 Axes
 + Level 4.0 Armour
 + Level 4.0 Shields


You had 2 spell levels left.
You didn't know any spells.
Your spell library contained the following spells:

 Spells                   Type           Power      Damage    Failure   Level
 Sublimation of Blood     Necr           0%         N/A       94%         2
 Wereblood                Tmut           0%         N/A       94%         2
 Summon Hydra             Summ           0%         N/A       100%        7

Inventory:

Hand Weapons
 a - a +0 war axe (weapon) {axe}
Missiles
 h - 15 stones {throwing}
Armour
 b - a +0 scale mail (worn)
 c - a +0 buckler (worn)
Scrolls
 g - 2 scrolls of identify {unknown}
 k - a scroll of noise {unknown}
 l - a scroll of teleportation {unknown}
Potions
 d - a potion of might
 e - a potion of degeneration {unknown}
 f - 2 potions of curing {unknown}
 i - a potion of brilliance {unknown}
 j - a potion of haste {unknown}

Dungeon Overview and Level Annotations

Branches:
Dungeon (2/15) Zot: 11237

Altars:

#....# #..........#
#....# #...#########
###....###...#........
#............#........
#...########...#.....?..
..## #...#....≈≈≈§ .
#...#.....§§.
##.##g.?...§!
#.@SJg≈≈≈≈§≈
####gg....§. #.....$≈^
#....≈§≈≈ #........
#........ #........
#########


You could see 3 gnolls, an endoplasm, a hobgoblin and a ball python.


Message History

The gnoll shouts! x2; You hear an angry hiss.
A ball python comes into view.
There is an open door here.
An endoplasm comes into view.
The gnoll barely misses you.
The ball python bites you but does no damage.
The ball python closely misses you.
You hit the ball python.
The gnoll hits you from afar with a +0 spear. x3
You block the ball python's attack. The ball python barely misses you.
The gnoll barely misses you. The gnoll hits you but does no damage.
The gnoll hits you from afar with a +0 spear.
The adder closely misses you. 😮 HP[-10]
You take 10 damage, and now have 23/33 hp.
MASSIVE DAMAGE!! (PAUSE)
You are too injured to fight recklessly!
The ball python attacks as it pursues you!
The ball python barely misses you. The ball python grabs you.
The ball python constricts you. The adder bites you. The ball python bites you.
The ball python constricts you.
There is an open door here. 😮 HP[-4]
You take 4 damage, and now have 19/33 hp.
You escape the ball python's grasp.
You hit the adder. The adder bites you.
You are poisoned.
The adder poisons you! The adder bites you but does no damage.
You miss the adder. You headbutt the adder.
You feel sick. The adder bites you but does no damage.
You block the adder's attack. 😨 HP[-3]
You take 3 damage, and now have 16/33 hp.
You closely miss the adder. Your headbutt misses the adder.
You feel sick. The adder closely misses you.
You block the adder's attack. 😨 HP[-1]
You take 1 damage, and now have 15/33 hp.
You completely miss the adder. Your headbutt misses the adder.
You feel sick.
You are no longer poisoned.
The adder bites you.
* * * LOW HITPOINT WARNING * * *
You are poisoned.
The adder poisons you! The adder bites you.
* * * LOW HITPOINT WARNING * * *
You are more poisoned.
The adder poisons you! 😨 HP[-5]
You take 5 damage, and now have 10/33 hp.
You miss the adder.
You feel very sick. The adder bites you.
* * * LOW HITPOINT WARNING * * *
😱 HP[-3]
You take 3 damage, and now have 7/33 hp.
You miss the adder. You headbutt the adder!
You kill the adder!
You feel sick.
The ball python bites you but does no damage.
The ball python barely misses you. 😱 HP[-1]
You take 1 damage, and now have 6/33 hp.
You hit the ball python but do no damage.
You feel sick. The ball python bites you.
* * * LOW HITPOINT WARNING * * *
You block the ball python's attack.
The ball python bites you but does no damage.
The ball python closely misses you. 😱 HP[-2]
You take 2 damage, and now have 4/33 hp.
You barely miss the ball python.
* * * LOW HITPOINT WARNING * * *
You feel sick.
The ball python bites you but does no damage.
You block the ball python's attack. 😱 HP[-1]
You take 1 damage, and now have 3/33 hp.
You slash the ball python!
You kill the ball python!
You feel sick.
You are no longer poisoned.
The ball python bites you but does no damage.
The ball python grabs you.
The ball python constricts you. 😱 HP[-1]
You take 1 damage, and now have 2/33 hp.
You hit the ball python.
You kill the ball python!
The ball python barely misses you. The ball python grabs you.
The ball python constricts you.
You barely miss the ball python. You block the gnoll's attack.
The ball python bites you but does no damage.
The ball python constricts you.
* * * LOW HITPOINT WARNING * * *
You block the ball python's attack. The ball python constricts you.
You hit the ball python. Your headbutt misses the ball python.
The ball python bites you.
* * * LOW HITPOINT WARNING * * *
The ball python constricts you.
You die...

Skill      XL: |  1  2  3 |
---------------+----------+-----
Axes           | 3 |  3.5
Armour         | 4 |  4.0
Fighting       | 4 |  4.0
Shields        | 4 |  4.0

Action                     || total
---------------------------++-------
  Melee: War axe           ||    61
         Headbutt          ||     5
 Armour: Scale mail        ||    58
  Dodge: Dodged            ||    41
  Block: Buckler           ||    20

Levels and vault maps discovered:
D:1:      saegor_arrival_simple_b, layout_basic,
          dreamdust_ecumenical_altar_statues
D:2:      layout_rooms, basic_altar, grunt_ministairs_9, st_stairs_2,
          kennysheep_generic_room_16, uniq_natasha

Notes
Turn   | Place    | Note
-------+----------+-------------------------------------------
     0 | D:1      | Sanktem7 the Minotaur Fighter began the quest for the Orb.
     0 | D:1      | Reached XP level 1. HP: 19/19 MP: 0/0
     0 | D:1      | magus.rc [v1.9.6]
    69 | D:1      | Found a faded altar of an unknown god.
   158 | D:1      | Reached XP level 2. HP: 16/27 MP: 1/1
   336 | D:1      | Reached skill level 3 in Axes
   512 | D:1      | You pick up a book of Blood and begin reading...
   512 | D:1      | You add the spells Sublimation of Blood, Wereblood and
                  | Summon Hydra to your library.
   626 | D:2      | Reached skill level 4 in Armour
   626 | D:2      | Reached XP level 3. HP: 30/33 MP: 2/2
   627 | D:2      | Reached skill level 4 in Fighting
   632 | D:2      | Reached skill level 4 in Shields
   733 | D:2      | HP: 8/33 [poisoned by an adder]
   736 | D:2      | HP: 3/33 [poisoned by an adder]
   740 | D:2      | HP: 1/33 [ball python (1)]
   740 | D:2      | Constricted to death by a ball python

Vanquished Creatures
  An adder (D:2)
  A worm (D:2)
  5 bats
  7 endoplasms (D:1)
  2 hobgoblins (D:1)
  A quokka (D:1)
  7 ball pythons
  A frilled lizard (D:1)
  2 goblins (D:1)
  2 kobolds
  3 rats
32 creatures vanquished.

Table legend:
 A = Non-vault XP
 B = Vault XP
 C = Vault XP percentage of total XP
 D = Non-vault monster count
 E = Vault monster count
 F = Vault count percentage of total count
                 A         B        C        D         E       F
            +---------+---------+-------+---------+---------+-------
      Total |      64 |       2 |   3.0 |      31 |       1 |   3.1
            +---------+---------+-------+---------+---------+-------
        D:1 |      36 |       0 |   0.0 |      22 |       0 |   0.0
        D:2 |      28 |       2 |   6.7 |       9 |       1 |  10.0
            +---------+---------+-------+---------+---------+-------

Skill      XL: |  1  2  3 |
---------------+----------+-----
Axes           | 3 |  3.5
Armour         | 4 |  4.0
Fighting       | 4 |  4.0
Shields        | 4 |  4.0

Action                     || total
---------------------------++-------
  Melee: War axe           ||    61
         Headbutt          ||     5
 Armour: Scale mail        ||    58
  Dodge: Dodged            ||    41
  Block: Buckler           ||    20

Illustrated notes

Table legend:
 A = Kills in this place as a percentage of kills in the entire game.
 B = Kills by you in this place as a percentage of kills by you in the entire game.
 C = Kills by friends in this place as a percentage of kills by friends in the entire game.
 D = Other kills in this place as a percentage of other kills in the entire game.
 E = Experience gained in this place as a percentage of experience gained in the entire game.
 F = Experience gained in this place divided by the number of levels of this place that you have seen.
                   A       B       C       D       E      F
               +-------+-------+-------+-------+-------+----------------------
         Total | 100.0 | 100.0 |   N/A |   N/A | 100.0 |  33.0
       Dungeon | 100.0 | 100.0 |   N/A |   N/A | 100.0 |  33.0
               +-------+-------+-------+-------+-------+----------------------

Table legend: (Time is in decaauts)
 A = Elapsed time spent in this place.
 B = Non-inter-level travel time spent in this place.
 C = Inter-level travel time spent in this place.
 D = Time resting spent in this place.
 E = Time spent auto-exploring this place.
 F = Levels seen in this place.
 G = Mean time per level.
                   A        B        C        D        E       F      G
               +--------+--------+--------+--------+--------+-----+--------+
         Total |    761 |    735 |     26 |      0 |    568 |   2 |  380.5 |
       Dungeon |    761 |    735 |     26 |      0 |    568 |   2 |  380.5 |
               +--------+--------+--------+--------+--------+-----+--------+

Top non-repeatable levels by time:
     D:1: 630 daAuts
     D:2: 131 daAuts
